 Dungeon Crawl Stone Soup version 0.21.1-1-g345015fe64 (webtiles) character file.

1095 Lavandula the Magician (level 8, -1/61 HPs)
             Began as a Barachi Earth Elementalist on July 21, 2018.
             Was a Believer of Cheibriados.
             Slain by an orc warrior
             ... wielding a +0 short sword
              (6 damage)
             ... on level 6 of the Dungeon.
             The game lasted 00:17:59 (2415 turns).

Lavandula the Magician (Barachi Earth Elementalist) Turns: 2415, Time: 00:18:00

Health: -1/61      AC:  5    Str: 14    XL:     8   Next: 31%
Magic:  8/17       EV: 13    Int: 23    God:    Cheibriados [**....]
Gold:   243        SH:  0    Dex: 18    Spells: 1/19 levels left

rFire    . . .     SeeInvis .   x - +2 mace (crush)
rCold    . . .     Gourm    .   (no shield)
rNeg     . . .     Faith    .   c - +0 robe
rPois    +         Spirit   .   y - +1 helmet
rElec    .         Reflect  .   (no cloak)
rCorr    .         Harm     +   (no gloves)
MR       .....                  u - +0 pair of boots
Stlth    ++........             w - amulet of harm
HPRegen  0.20/turn              k - ring of poison resistance
MPRegen  0.15/turn              f - +4 ring of slaying

@: can't hop, very slightly contaminated, invisible, very slow
A: +LOS, swims, slowness 1, strong legs 1
a: Hop, Bend Time, Renounce Religion


You were on level 6 of the Dungeon.
You worshipped Cheibriados.
Cheibriados was pleased with you.
You were hungry.

You visited 1 branch of the dungeon, and saw 7 of its levels.

You collected 243 gold pieces.

Inventory:

Hand Weapons
 a - a +0 short sword
 i - a +0 dagger
 q - a +0 short sword
 s - a +0 long sword
 x - a +2 mace of crushing (weapon)
 D - a +1 whip of flaming
Missiles
 b - 59 stones (quivered)
Armour
 c - a +0 robe (worn)
 g - a +0 ring mail
 m - a +0 leather armour
 n - a +0 chain mail
 u - a +0 pair of boots (worn)
 y - a +1 helmet (worn)
 B - a +0 scale mail of cold resistance
Jewellery
 f - a +4 ring of slaying (right hand)
 j - a +2 ring of strength
 k - a ring of poison resistance (left hand)
 w - an amulet of harm (around neck)
 z - an uncursed ring of resist corrosion
 A - an uncursed ring of protection from cold
Wands
 J - a wand of flame (24)
Scrolls
 h - a scroll of fog
 r - a scroll of immolation
 F - a scroll of remove curse
 G - a scroll of teleportation {unknown}
 H - 3 scrolls of magic mapping
 L - a scroll of amnesia {unknown}
 M - a scroll of vulnerability {unknown}
Potions
 l - a potion of might
 p - a potion of berserk rage
 t - a potion of flight
 C - a potion of cancellation {unknown}
 I - a potion of lignification {unknown}
 K - a potion of heal wounds {unknown}
Books
 e - a book of Geomancy

   Spells                             Type                      Level
   a - Sandblast                      Earth                        1
   b - Passwall                       Transmutation/Earth          2
   c - Stone Arrow                    Conjuration/Earth            3
   d - Petrify                        Transmutation/Earth          4
   e - Lee's Rapid Deconstruction     Earth                        5
 E - a book of Unlife

   Spells                             Type                      Level
   a - Recall                         Summoning/Translocation      3
   b - Animate Dead                   Necromancy                   4
   c - Borgnjor's Vile Clutch         Necromancy/Earth             5
   d - Death Channel                  Necromancy                   6
   e - Simulacrum                     Ice/Necromancy               6
Comestibles
 d - 7 rations


   Skills:
 - Level 4.7 Fighting
 + Level 3.9 Maces & Flails
 - Level 2.1 Dodging
 - Level 1.7 Stealth
 - Level 6.4 Spellcasting
 - Level 1.1 Transmutations
 - Level 5.5 Earth Magic


You had one spell level left.
You knew the following spells:

 Your Spells              Type           Power        Failure   Level  Hunger
a - Sandblast             Erth           ####..       1%          1    None
b - Stone Arrow           Conj/Erth      ###...       8%          3    #......
c - Petrify               Tmut/Erth      ###.....     21%         4    ###....
d - Lee's Rapid Deconstr  Erth           ####......   22%         5    #####..
e - Borgnjor's Vile Clut  Necr/Erth      ###.......   58%         5    #####..


Dungeon Overview and Level Annotations

Branches:
Dungeon (7/15)             Temple (0/1) D:4

Altars:
Ashenzari
Cheibriados
Dithmenos
Qazlal
The Shining One


Innate Abilities, Weirdness & Mutations

Shadows flee at your approach. (+LOS)
You can swim through water.
You cover ground slowly.
You can hop short distances.


Message History

The stone arrow misses the orc warrior.
The orc hits you but does no damage.
The orc warrior hits you with a short sword!
* * * LOW HITPOINT WARNING * * *
Unknown command.
You feel better. The orc hits you but does no damage.
The orc warrior hits you with a short sword!!
* * * LOW HITPOINT WARNING * * *
Okay, then.
You feel better. The orc warrior barely misses you. The orc misses you.
You feel better. The orc warrior closely misses you.
You fail to use your ability.
The orc warrior hits you with a short sword!
* * * LOW HITPOINT WARNING * * *
Unknown command.
The orc warrior closely misses you.
Evoke which item? (* to show all) (? for menu, Esc to quit)
Okay, then.
Okay, then.
The orc warrior hits you with a short sword.
You die...

#........ #.?......
#......## #......##
#......## #######
##....### ##.....##
#....##. ##.......##
#....... #...@.....#
#....... #....o....#
#.....## #...o..<..#
#....### #.........#
##....# #
#.......>.###.....#
##.........##....##
#..........##.##.....
#...........#.#######
#.........#.#.#


You could see an orc warrior and an orc.

Vanquished Creatures
  Grinder (D:4)
  An ogre (D:6)
  A phantom (D:5)
  A centaur (D:5)
  A scorpion (D:6)
  2 killer bees (D:7)
  The ghost of igoodwill the Caller, a weakling DESu (D:3)
  A quasit (D:6)
  3 orc wizards
  2 centaur skeletons
  A hound (D:5)
  A gnoll shaman (D:4)
  2 worker ants
  A hound skeleton (D:5)
  Robin (D:2)
  4 gnolls (D:4)
  7 adders
  An adder zombie (D:5)
  An adder skeleton (D:4)
  A worm (D:2)
  2 dart slugs
  4 leopard geckos
  6 orcs
  5 giant cockroaches
  11 goblins
  10 hobgoblins
  4 jackals (D:2)
  A quokka (D:2)
  7 bats
  4 frilled lizards
  10 kobolds
  A quokka zombie (D:4)
  6 rats
105 creatures vanquished.

Notes
Turn   | Place    | Note
-------+----------+-------------------------------------------
     0 | D:1      | Lavandula the Barachi Earth Elementalist began the quest for the Orb.
     0 | D:1      | Reached XP level 1. HP: 13/13 MP: 3/3
   181 | D:1      | Reached XP level 2. HP: 19/19 MP: 0/5
   210 | D:1      | Reached skill level 3 in Spellcasting
   468 | D:1      | Reached XP level 3. HP: 11/24 MP: 5/8
   473 | D:1      | Learned a level 3 spell: Stone Arrow
   650 | D:2      | Reached XP level 4. HP: 26/30 MP: 1/9
   685 | D:2      | Noticed Robin
   708 | D:2      | Found a stormy altar of Qazlal.
   708 | D:2      | Found a shattered altar of Ashenzari.
   717 | D:2      | Found a glowing golden altar of the Shining One.
   719 | D:2      | Found a shadowy altar of Dithmenos.
   720 | D:2      | Found a snail-covered altar of Cheibriados.
   725 | D:2      | Became a worshipper of Cheibriados the Contemplative
   840 | D:2      | Killed Robin
  1054 | D:3      | Noticed igoodwill's ghost (weakling DESu)
  1098 | D:3      | Killed igoodwill's ghost
  1098 | D:3      | Reached skill level 1 in Maces & Flails
  1098 | D:3      | Reached XP level 5. HP: 35/35 MP: 0/10
  1220 | D:3      | Reached * piety under Cheibriados
  1280 | D:4      | Noticed Grinder
  1434 | D:4      | Killed Grinder
  1434 | D:4      | Reached XP level 6. HP: 30/49 MP: 2/11
  1440 | D:4      | Learned a level 4 spell: Petrify
  1509 | D:4      | Reached skill level 4 in Spellcasting
  1518 | D:4      | Reached XP level 7. HP: 27/55 MP: 0/13
  1535 | D:4      | Learned a level 5 spell: Lee's Rapid Deconstruction
  1709 | D:4      | Found a staircase to the Ecumenical Temple.
  1807 | D:4      | Reached skill level 5 in Earth Magic
  1885 | D:5      | Entered Level 5 of the Dungeon
  1967 | D:5      | Reached ** piety under Cheibriados
  2063 | D:5      | Reached skill level 5 in Spellcasting
  2204 | D:6      | Reached skill level 6 in Spellcasting
  2204 | D:6      | Reached XP level 8. HP: 61/61 MP: 11/17
  2214 | D:6      | Learned a level 5 spell: Borgnjor's Vile Clutch
  2408 | D:6      | HP: 2/61 [orc warrior/short sword (21)]
  2415 | D:6      | Slain by an orc warrior

Skill      XL: |  1  2  3  4  5  6  7  8 |
---------------+-------------------------+-----
Spellcasting   | 3 4 6 |  6.4
Earth Magic    | 4 5 |  5.5
Maces & Flails | 1 3 |  3.9
Fighting       | 4 |  4.7
Dodging        | |  2.1
Stealth        | |  1.7
Transmutations | |  1.1

Action                   |  1- 3 |  4- 6 |  7- 9 || total
-------------------------+-------+-------+-------++-------
Melee: Dagger            |    13 |       |       ||    13
       Short sword       |     6 |    11 |       ||    17
       Mace              |       |    22 |    28 ||    50
 Cast: Sandblast         |    39 |    55 |    30 ||   124
       Stone Arrow       |     2 |       |    10 ||    12
       Lee's Rapid Decon |       |       |     2 ||     2
 Abil: Hop               |     1 |     4 |     2 ||     7
Evoke: Wand              |       |       |     1 ||     1
  Use: Scroll            |     3 |     3 |     3 ||     9
       Potion            |       |     1 |     4 ||     5
 Stab: Sleeping          |     2 |     2 |     2 ||     6
  Eat: Chunk             |       |     2 |     2 ||     4
Armor: Robe              |    19 |    17 |     9 ||    45
Dodge: Dodged            |    41 |    65 |    35 ||   141
